 Dungeon Crawl Stone Soup version 0.27.1-33-g824d729ab1 (webtiles) character file.

Game seed: 11021663437441398557

1154 Gildeon the Basher (level 8, -9/49 HPs)
             Began as a Gargoyle Fighter on Dec 25, 2021.
             Was a Believer of Okawaru.
             Mangled by a boulder beetle (20 damage)
             ... on level 7 of the Dungeon.
             The game lasted 00:11:37 (3931 turns).

Gildeon the Basher (Gargoyle Fighter)               Turns: 3931, Time: 00:11:38

Health: -9/49      AC: 19    Str: 20    XL:     8   Next: 38%
Magic:  8/8        EV:  5    Int: 10    God:    Okawaru [**....]
Gold:   179        SH:  9    Dex: 10    Spells: 7/7 levels left

rFire    . . .     SeeInvis .   a - +0 flail
rCold    . . .     Faith    .   c - +0 kite shield
rNeg     + . .     Spirit   .   v - +0 chain mail
rPois    ∞         Reflect  .   o - +0 helmet
rElec    +         Harm     .   s - +1 cloak
rCorr    .         Rampage  .   b - +0 pair of gloves
Will     .....                  (no boots)
Stlth    ..........             m - amulet of regeneration
HPRegen  1.16/turn              (no ring)
MPRegen  0.11/turn              (no ring)

@: no status effects
A: sickness immunity, AC +5, negative energy resistance 1, electricity
resistance, torment resistance 1, petrification resistance
a: Renounce Religion, Heroism


You were on level 7 of the Dungeon.
You worshipped Okawaru.
Okawaru was pleased with you.
You visited 1 branch of the dungeon, and saw 7 of its levels.

You collected 179 gold pieces.

Inventory:

Hand Weapons
 a - a +0 flail (weapon)
Armour
 b - a +0 pair of gloves (worn)
 c - a +0 kite shield (worn)
 o - a +0 helmet (worn)
 s - a +1 cloak (worn)
 v - a +0 chain mail (worn)
Jewellery
 m - an amulet of regeneration (around neck)
Wands
 u - a wand of charming (7)
 x - a wand of acid (12)
Scrolls
 e - a scroll of immolation {unknown}
 g - 2 scrolls of identify
 h - 2 scrolls of amnesia
 j - a scroll of holy word {unknown}
 n - a scroll of enchant weapon {unknown}
 q - a scroll of fog {unknown}
 r - 4 scrolls of teleportation
 w - a scroll of fear {unknown}
 y - 3 scrolls of summoning
 z - a scroll of torment {unknown}
Potions
 d - a potion of invisibility {unknown}
 f - a potion of degeneration {unknown}
 i - a potion of berserk rage {unknown}
 k - a potion of ambrosia {unknown}
 l - 5 potions of curing
 p - 2 potions of heal wounds
 t - a potion of magic {unknown}


   Skills:
 - Level 5.0 Fighting
 * Level 8.9 Maces & Flails
 + Level 4.3 Armour
 - Level 3.2 Shields


You had 7 spell levels left.
You didn't know any spells.
Your spell library contained the following spells:

 Spells                   Type           Power      Damage    Failure   Level
 Gell's Gravitas          Tloc           0%         N/A       100%        3
 Lesser Beckoning         Tloc           0%         N/A       100%        3
 Teleport Other           Tloc           0%         N/A       100%        3


Dungeon Overview and Level Annotations

Branches:
Dungeon (7/15)
 Temple: D:4-7

Altars:
Elyvilon
Okawaru
Vehumet
Wu Jian

Shops:
D:4 :


Innate Abilities, Weirdness & Mutations

You are immune to sickness and miasma.
Your stone body is resilient. (AC +5)
You are immune to poison.
You resist negative energy. (rN+)
You are resistant to electric shocks. (rElec)
You are resistant to unholy torment.
You are immune to petrification.


Message History

The boulder beetle is lightly wounded.
The boulder beetle bites you but does no damage.
You sock the boulder beetle!
The boulder beetle is lightly wounded.
The boulder beetle bites you.
You hit the boulder beetle but do no damage.
The boulder beetle is lightly wounded.
You block the boulder beetle's attack.
The boulder beetle leaps!
The boulder beetle curls into a ball and begins rolling!
Found a leather armour.
The boulder beetle hits you!!!
Ouch! That really hurt!
* * * LOW HITPOINT WARNING * * *
The boulder beetle stops rolling and uncurls.
The boulder beetle waves its antennae.
The boulder beetle leaps!
Found 12 gold pieces.
The boulder beetle curls into a ball and begins rolling!
You see here 2 potions of curing.
l - 5 potions of curing (gained 2)
The boulder beetle barely misses you.
The boulder beetle stops rolling and uncurls.
You hit the boulder beetle but do no damage.
The boulder beetle leaps!
The boulder beetle leaps!
The boulder beetle curls into a ball and begins rolling!
You block the boulder beetle's attack.
The boulder beetle stops rolling and uncurls.
The boulder beetle curls into a ball and begins rolling!
The boulder beetle hits you!!
Ouch! That really hurt!
* * * LOW HITPOINT WARNING * * *
The boulder beetle stops rolling and uncurls.
There is a stone staircase leading down here.
The boulder beetle barely misses you.
You climb downwards.
Found a potion of might and a trident.
Found a stone staircase leading up.
There is a stone staircase leading up here.
The boulder beetle bites you!!
You die...

# #.
#.###.######
...<..B....##
#....@....#
#...!.#.#.#.#
##### #.# ..
).. ... #.#
... ... ..
... . ...


You could see a boulder beetle.

Vanquished Creatures
  Sigmund (D:3)
  Menkaure (D:4)
  An ice beast (D:5)
  A sky beast (D:5)
  An ogre (D:4)
  A kobold brigand (D:6)
  2 scorpions
  2 wyvern zombies
  A howler monkey (D:5)
  2 orc priests
  2 iguanas (D:5)
  A hound skeleton (D:4)
  Robin (D:2)
  3 adders
  A white imp (D:5)
  An adder skeleton (D:4)
  A worm (D:5)
  4 dart slugs
  8 orcs
  3 ball pythons
  3 endoplasms
  3 giant cockroaches
  10 goblins
  8 hobgoblins
  8 jackals (D:1)
  6 quokkas
  2 bats
  3 frilled lizards (D:1)
  9 kobolds
  4 rats
94 creatures vanquished.

Vanquished Creatures (others)
  A quokka (D:5)
1 creature vanquished.

Grand Total: 95 creatures vanquished

Notes
Turn   | Place    | Note
-------+----------+-------------------------------------------
     0 | D:1      | Gildeon the Gargoyle Fighter began the quest for the Orb.
     0 | D:1      | Reached XP level 1. HP: 14/14 MP: 1/1
    47 | D:1      | Reached XP level 2. HP: 11/19 MP: 2/2
   299 | D:1      | Found a faded altar of an unknown god.
   316 | D:1      | Reached skill level 3 in Maces & Flails
   790 | D:1      | Reached XP level 3. HP: 22/23 MP: 3/3
  1355 | D:2      | Reached skill level 4 in Maces & Flails
  1376 | D:2      | Noticed Robin
  1397 | D:2      | Killed Robin
  1398 | D:2      | Reached XP level 4. HP: 10/28 MP: 4/4
  1642 | D:3      | Found an iron altar of Okawaru.
  1660 | D:3      | Became a worshipper of Warmaster Okawaru
  1787 | D:3      | Found an ornate altar of the Wu Jian Council.
  1860 | D:3      | Noticed Sigmund
  1865 | D:3      | Killed Sigmund
  1866 | D:3      | Reached skill level 6 in Maces & Flails
  1866 | D:3      | Reached XP level 5. HP: 32/32 MP: 5/5
  1866 | D:3      | Reached XP level 6. HP: 37/37 MP: 6/6
  2093 | D:4      | HP: 1/37 [wyvern zombie (4)]
  2094 | D:4      | Reached * piety under Okawaru
  2159 | D:4      | Found Zedghuodu's Book Shop.
  2159 | D:4      | Noticed Menkaure
  2194 | D:4      | Killed Menkaure
  2195 | D:4      | Reached skill level 7 in Maces & Flails
  2195 | D:4      | Reached XP level 7. HP: 37/43 MP: 7/7
  2507 | D:4      | Found a radiant altar of Vehumet.
  2718 | D:5      | Entered Level 5 of the Dungeon
  2914 | D:5      | Reached ** piety under Okawaru
  2928 | D:5      | Found a white marble altar of Elyvilon.
  2971 | D:5      | Reached skill level 5 in Fighting
  2971 | D:5      | Reached skill level 8 in Maces & Flails
  3086 | D:5      | Reached XP level 8. HP: 44/49 MP: 8/8
  3882 | D:6      | Noticed a boulder beetle
  3931 | D:7      | Mangled by a boulder beetle

Illustrated notes

Levels and vault maps discovered:
D:1:      psy_arrival_statuary, layout_rooms, serial_curves, eino_curves_04,
          eino_curves_04, basic_ecumenical_altar, minmay_pentomino_r2
D:2:      layout_loops_cross, uniq_robin
D:3:      layout_rooms, okawaru_ov_weapons_minmay, old_standard_altar,
          grunt_decor_cap, minmay_misc_feat_alley, uniq_sigmund
D:4:      layout_cave_pools, mainiacjoe_overflow_surrounded_room, serial_shops,
          nicolae_shop_temple_entry_statues_fountains, uniq_menkaure
D:5:      layout_basic, elyvilon_altar_4
D:6:      layout_cave_pools, tso_oasis_becter,
          nicolae_uskayaw_murder_on_the_dancefloor,
          lemuel_zombie_altar_yredelemnul, nicolae_evil_shop, uniq_pikel
D:7:      layout_basic, kennysheep_mini, gammafunk_temple_overflow_statue,
          minmay_temple_entry_from_below_a

Skill      XL: |  1  2  3  4  5  6  7  8 |
---------------+-------------------------+-----
Maces & Flails | 3 4 6 7 8 |  8.9
Fighting       | 4 5 |  5.0
Armour         | 4 |  4.3
Shields        | |  3.2

Action                   |  1- 3 |  4- 6 |  7- 9 || total
-------------------------+-------+-------+-------++-------
Melee: Flail             |   143 |    70 |   242 ||   455
  Use: Potion            |       |     1 |       ||     1
       Scroll            |       |       |     5 ||     5
Armor: Scale mail        |    85 |    34 |    33 ||   152
       Chain mail        |       |       |   136 ||   136
Dodge: Dodged            |    49 |    31 |    75 ||   155
Block: Kite shield       |   107 |    36 |   153 ||   296
